 Dungeon Crawl Stone Soup version 0.31-a0-640-g39d97e502b (webtiles) character file.

Game seed: 10914965291047085690

33658 HoaS the Marksdemigod (level 13, -2/94 (114) HPs)
             Began as a Demigod Hunter on Aug 26, 2023.
             Slain by a spectral six-headed hydra (5 damage)
             ... called from beyond by a ghost crab
             ... on level 3 of the Lair of Beasts on Aug 27, 2023.
             The game lasted 00:51:18 (15671 turns).

HoaS the Marksdemigod (Demigod Hunter)             Turns: 15671, Time: 00:51:18

HP:   -2/94 (114)   AC: 17    Str: 12    XL:     13   Next: 9%
MP:   16/16         EV: 25    Int: 11    God:
Gold: 658           SH:  0    Dex: 38    Spells: 12/12 levels left

rFire   + . .        o - +1 orcbow (drain)
rCold   . . .        (shield currently unavailable)
rNeg    . . .        y - +0 acid dragon scales
rPois   .            q - +2 helmet
rElec   .            h - +1 cloak
rCorr   +            C - +2 pair of gloves {infuse}
SInv    .            D - +2 pair of boots
Will    ++...        e - amulet "Cimp" {Acrobat Dex+5}
Stlth   +++          r - ring of willpower
HPRegen 0.35/turn    d - ring of protection from fire
MPRegen 0.15/turn

%: acrobat, infuse magic (1 MP)
@: heavily drained
A: high MP 1, forlorn, divine attributes
a: no special abilities


You were on level 3 of the Lair of Beasts.
You visited 3 branches of the dungeon, and saw 16 of its levels.
You also visited: Ossuary.

You collected 1350 gold pieces.
You spent 692 gold pieces at shops.

Inventory:

Hand Weapons
 k - a +1 arbalest
 o - a +1 orcbow of draining (weapon)
Armour
 h - a +1 cloak (worn)
 q - a +2 helmet (worn)
 w - +0 steam dragon scales
 y - +0 acid dragon scales (worn)
 C - a +2 pair of gloves of infusion (worn)
 D - a +2 pair of boots (worn)
Jewellery
 d - a ring of protection from fire (right hand)
 e - the amulet "Cimp" (around neck) {Acrobat Dex+5}
   (You acquired it on level 2 of the Lair of Beasts)

   [amulet of the acrobat]

   Acrobat:   It increases your evasion while moving and waiting.
   Dex+5:     It affects your dexterity (+5).
 l - a ring of ice
 r - a ring of willpower (left hand)
 E - a ring of ice
Wands
 j - a wand of roots (8)
 n - a wand of flame (16)
 v - a wand of light (22)
 x - a wand of mindburst (11)
 B - a wand of paralysis (12)
Scrolls
 b - a scroll of butterflies
 c - 2 scrolls of poison
 g - 2 scrolls of immolation
 m - a scroll of blinking
 p - a scroll of silence
 u - a scroll of vulnerability
 z - 2 scrolls of identify
 A - a scroll of summoning
Potions
 a - 8 potions of curing
 f - 4 potions of mutation
 i - 2 potions of lignification
 s - 2 potions of ambrosia
 t - 4 potions of attraction
 F - a potion of cancellation
 G - a potion of resistance


   Skills:
 + Level 10.5 Fighting
 - Level 16.0 Ranged Weapons
 - Level 0.1 Armour
 + Level 10.5 Dodging
 - Level 0.8 Stealth


You had 12 spell levels left.
You didn't know any spells.
Your spell library was empty.

Dungeon Overview and Level Annotations

Branches:
Dungeon (11/15)            Temple (0/1) D:6            Lair (3/5) D:8
  Swamp (0/4) Lair:3       Spider (0/4) Lair:3          Orc (2/2) D:10
    Elf (0/3) Orc:2       Ossuary (visited)

Shops:
D:3 *   D:5 !   D:9 (   D:10 [   D:11 ([   Orc:1 [(*?**

Annotations:
D:10 3 runed translucent doors, MirrMurr's ghost, journeyman SpHu
Lair:3 1 runed translucent door, Pinugh's ghost, journeyman GnHu
Orc:1 Saint Roka


Innate Abilities, Weirdness & Mutations

You have an increased reservoir of magic. (+10% MP)
You shall have no god before yourself.
Your divine heritage dramatically boosts your attributes as you level up.


Message History

You feel much better.
You are engulfed in spectral mist.
The spectral blink frog fades away!
The spectral skyshark fades away!
The spectral black mamba completely misses you.
The spectral black mamba misses you. The ghost crab closely misses you.
The ghost crab misses you.
The spectral six-headed hydra bites you but does no damage.
The spectral six-headed hydra completely misses you.
The spectral six-headed hydra bites you.
* * * LOW HITPOINT WARNING * * *
You feel drained.
* * * LOW HITPOINT WARNING * * *
The spectral six-headed hydra misses you.
The spectral six-headed hydra completely misses you.
The spectral six-headed hydra misses you.
You shoot an arrow. The arrow hits the ghost crab!!
The ghost crab is almost destroyed.
You are engulfed in spectral mist.
* * * LOW HITPOINT WARNING * * *
The spectral black mamba misses you. x2
You shoot an arrow. The arrow barely misses the ghost crab.
You are engulfed in spectral mist.
The ghost crab barely misses you. The ghost crab misses you.
The spectral six-headed hydra bites you.
* * * LOW HITPOINT WARNING * * *
The spectral six-headed hydra misses you.
The spectral six-headed hydra bites you!
* * * LOW HITPOINT WARNING * * *
The spectral six-headed hydra bites you but does no damage.
The spectral six-headed hydra misses you. x2
The spectral black mamba bites you but does no damage.
You shoot an arrow. The arrow hits the ghost crab.
The ghost crab is almost destroyed.
You are engulfed in spectral mist.
The spectral black mamba closely misses you.
The ghost crab misses you. The ghost crab completely misses you.
The spectral six-headed hydra barely misses you.
The spectral six-headed hydra closely misses you.
The spectral six-headed hydra bites you but does no damage.
The spectral six-headed hydra bites you.
You die...

.##............###...##.P........
.#.............###...............
.....##..........................
.#...#..........######...........
.#.#...........## ###.........
.....P##......♣♣♣♣♣♣♣♣ ###.......
...#.####....♣♣♣☼○°☼°♣ ####....
.##..# #....○☼Z○t♣♣...§♣ ###.. .#
#.# ##...☼§.@♣♣ ~.§§§ #.. .###...
##..Z..Z.♣ .§§§ ####..
....[.............♣ ♣♣♣ #.....
...........##♣♣♣♣~.~ ####..
........... ♣~.♣ #P.. ...........
♣♣♣ ##.. ..P..P.... #. ###..
....(.( ..#.P.† .....P. #.#....


You could see a ghost crab, a spectral black mamba, a spectral six-headed hydra
(summoned) and a spectral four-headed hydra (summoned).

Vanquished Creatures
  Gastronok (D:8)
  A ghost crab (Lair:3)
  A two-headed ogre (D:9)
  3 death yaks (D:8)
  An orc high priest (D:10)
  Amaemon (Lair:2)
  A pharaoh ant (Lair:3)
  Pikel (D:8)
  A spectral boulder beetle (Lair:3)
  2 orc knights
  2 cyclopes (D:11)
  5 elephants
  Maurice (D:8)
  Joseph (D:8)
  3 black mambas (Lair:2)
  7 cane toads (Lair:1)
  A gargoyle (D:11)
  An orange demon (Lair:2)
  A torpor snail (Lair:1)
  Psyche (D:8)
  2 rime drakes
  4 komodo dragons
  7 polar bears (Lair:1)
  A tarantella (Lair:3)
  3 trolls
  4 blink frogs
  A spectral elephant (Lair:3)
  A jumping spider (Lair:3)
  2 spectral black mambas (Lair:3)
  Sigmund (D:2)
  2 shadows
  A wraith (D:10)
  4 wyverns
  20 yaks
  Eustachio (D:5)
  A steam dragon (D:8)
  3 basilisks
  A redback (Lair:3)
  A warg (Orc:1)
  12 water moccasins
  2 acid dragons
  20 orc warriors
  2 ice beasts
  A sky beast (D:7)
  Pargi (D:3)
  9 black bears
  4 ogres
  4 wolves (Lair:3)
  2 centaurs
  3 phantoms
  A lemure (D:8)
  3 kobold brigands
  6 bullfrogs
  2 gnoll sergeants
  3 scorpions
  20 killer bees
  An electric eel (D:8)
  3 howler monkeys
  A jelly (D:4)
  6 hounds
  10 orc priests
  2 gnoll boudas
  4 iguanas
  Natasha (thrice) (D:2)
  9 orc wizards
  2 sleepcaps
  2 mummies
  2 adders (D:2)
  26 gnolls
  An ufetubus (D:4)
  2 worms
  2 dart slugs
  63 orcs
  3 spectral bats (Ossuary)
  5 endoplasms
  6 giant cockroaches
  10 goblins
  12 hobgoblins
  2 jackals (D:1)
  14 kobolds
  3 quokkas
  3 ball pythons (D:3)
  7 bats
  3 bat simulacra (Ossuary)
  A frilled lizard (D:2)
  12 gnoll zombies (Ossuary)
  A goblin simulacrum (Ossuary)
  5 goblin zombies (Ossuary)
  4 hobgoblin zombies (Ossuary)
  5 kobold simulacra (Ossuary)
  5 kobold zombies (Ossuary)
  4 orc zombies (Ossuary)
  5 rats
  3 rat simulacra (Ossuary)
  A spectral goblin (Ossuary)
  5 spectral kobolds (Ossuary)
  6 spectral rats (Ossuary)
455 creatures vanquished.

Notes
Turn   | Place    | Note
-------+----------+-------------------------------------------
     0 | D:1      | HoaS the Demigod Hunter began the quest for the Orb.
     0 | D:1      | Reached XP level 1. HP: 17/17 MP: 3/3
     0 | D:1      | Upgraded the game from 0.31-a0-631-g285b096dc4 to
                  | 0.31-a0-640-g39d97e502b
   144 | D:1      | Reached skill level 4 in Ranged Weapons
   326 | D:1      | Reached XP level 2. HP: 22/24 MP: 4/4
  1052 | D:2      | Reached XP level 3. HP: 29/29 MP: 5/5
  1053 | D:2      | Noticed Sigmund
  1219 | D:2      | Noticed Natasha
  1242 | D:2      | Killed Natasha
  1243 | D:2      | Reached skill level 5 in Ranged Weapons
  1318 | D:2      | Reached XP level 4. HP: 36/36 MP: 6/6
  1942 | D:3      | Reached skill level 6 in Ranged Weapons
  1942 | D:3      | Reached XP level 5. HP: 33/41 MP: 7/7
  1997 | D:3      | Noticed Pargi
  2616 | D:4      | Reached skill level 7 in Ranged Weapons
  2616 | D:4      | Reached XP level 6. HP: 48/48 MP: 8/8
  2993 | D:4      | Reached skill level 8 in Ranged Weapons
  2993 | D:4      | Reached XP level 7. HP: 53/53 MP: 9/9
  3472 | D:2      | Noticed Natasha
  3474 | D:2      | Killed Natasha
  3493 | D:2      | Killed Sigmund
  3593 | D:2      | Noticed Natasha
  3597 | D:2      | Killed Natasha
  3598 | D:2      | Reached skill level 9 in Ranged Weapons
  3641 | D:3      | Found Coidapt's Assorted Antiques.
  3664 | D:3      | Bought a runed emerald amulet for 160 gold pieces
  3809 | D:3      | Killed Pargi
  3880 | D:5      | Entered Level 5 of the Dungeon
  3998 | D:5      | Reached XP level 8. HP: 60/60 MP: 10/10
  4141 | D:5      | Noticed Eustachio
  4145 | D:5      | Killed Eustachio
  4146 | D:5      | Reached skill level 10 in Ranged Weapons
  4182 | D:5      | Found Qiwnugh's Distillery.
  4194 | D:5      | Bought a potion of curing for 42 gold pieces
  4616 | D:6      | Reached skill level 11 in Ranged Weapons
  4663 | D:6      | Found a sand-covered staircase.
  4670 | Ossuary  | Entered an ossuary
  5656 | D:6      | Found a staircase to the Ecumenical Temple.
  6148 | D:7      | Reached XP level 9. HP: 67/67 MP: 11/11
  6270 | D:7      | Reached skill level 12 in Ranged Weapons
  6760 | D:8      | Noticed Joseph
  6765 | D:8      | Killed Joseph
  6766 | D:8      | Reached skill level 13 in Ranged Weapons
  6796 | D:8      | Noticed Pikel
  6802 | D:8      | Noticed Psyche
  6803 | D:8      | Killed Pikel
  6815 | D:8      | Killed Psyche
  6850 | D:8      | Noticed Gastronok
  6951 | D:8      | Noticed a komodo dragon
  6968 | D:8      | Killed a komodo dragon
  6969 | D:8      | Reached skill level 14 in Ranged Weapons
  6969 | D:8      | Reached XP level 10. HP: 73/73 MP: 13/13
  7040 | D:8      | Killed Gastronok
  7097 | D:8      | Reached skill level 15 in Ranged Weapons
  7135 | D:8      | Found a staircase to the Lair.
  7409 | D:8      | Noticed Maurice
  7413 | D:8      | Killed Maurice
  7830 | D:9      | Reached skill level 16 in Ranged Weapons
  7905 | D:9      | Found Ruathri's Weapon Shoppe.
  7945 | D:9      | Noticed a two-headed ogre
  7956 | D:9      | Killed a two-headed ogre
  7957 | D:9      | Reached XP level 11. HP: 74/80 MP: 14/14
  8187 | Lair:1   | Entered Level 1 of the Lair of Beasts
  8187 | Lair:1   | Noticed a death yak
  8209 | D:8      | Killed a death yak
  8404 | D:10     | Entered Level 10 of the Dungeon
  8404 | D:10     | Found Faostut's Antique Armour Shop.
  8407 | D:10     | Bought a pair of runed gloves for 255 gold pieces
  8423 | D:10     | Found a runed translucent gate.
  8423 | D:10     | Found a runed translucent gate.
  8423 | D:10     | Found a runed translucent gate.
  8446 | D:10     | Noticed MirrMurr's ghost (journeyman SpHu)
  8479 | D:10     | Found a staircase to the Orcish Mines.
  9134 | Lair:1   | Noticed a death yak
  9135 | Lair:1   | Noticed a death yak
  9263 | Orc:1    | Entered Level 1 of the Orcish Mines
  9268 | Orc:1    | Noticed an orc knight
  9286 | D:10     | Killed an orc knight
  9376 | Orc:1    | Noticed an orc high priest
  9491 | D:10     | Reached skill level 5 in Fighting
  9491 | D:10     | Reached skill level 5 in Dodging
  9523 | D:10     | Killed an orc high priest
  9756 | Orc:1    | Found Zovieq's Armour Shoppe.
  9818 | Orc:1    | Found Icuyfo's CLEARANCE SALE!.
  9843 | Orc:1    | Found Unoussun's Magic Scroll Shop.
  9876 | Orc:1    | Bought a scroll of blinking for 127 gold pieces
  9876 | Orc:1    | Found Jaihyroh's Assorted Antiques.
  9937 | Orc:1    | Found Huleyzih's Antique Weapon Boutique.
 10033 | Orc:1    | Found Atuef's Assorted Antiques.
 10187 | Orc:1    | Bought a scroll of teleportation for 108 gold pieces
 10191 | Orc:2    | Entered Level 2 of the Orcish Mines
 10191 | Orc:2    | Noticed Saint Roka
 10191 | Orc:2    | Found a staircase to the Elven Halls.
 11499 | D:11     | Noticed an orc knight
 11510 | D:11     | Killed an orc knight
 12037 | D:11     | Found Leappiaw's Weapon Shoppe.
 12578 | D:11     | Found Heoch's Antique Armour Boutique.
 12782 | D:8      | HP: 4/92 [yak (9)]
 12914 | D:8      | Killed a death yak
 12915 | D:8      | Reached XP level 12. HP: 95/100 MP: 15/15
 13667 | Lair:1   | Identified the +3 mace of the Shoals {flame, rElec rPois}
 14375 | Lair:2   | Identified a scroll of acquirement
 14375 | Lair:2   | Acquired the amulet "Cimp" {Acrobat Dex+5}
 14497 | Lair:2   | Noticed Amaemon
 14523 | Lair:2   | Killed Amaemon
 14524 | Lair:2   | Reached skill level 10 in Fighting
 14524 | Lair:2   | Reached skill level 10 in Dodging
 15018 | Lair:3   | Found a hole to the Spider Nest.
 15231 | Lair:3   | Reached XP level 13. HP: 113/113 MP: 16/16
 15280 | Lair:3   | Found a runed translucent door.
 15281 | Lair:3   | Noticed Pinugh's ghost (journeyman GnHu)
 15629 | Lair:3   | Found a staircase to the Swamp.
 15667 | Lair:3   | HP: 4/96 [spectral six-headed hydra[a ghost crab] (10)]
 15671 | Lair:3   | Slain by a spectral six-headed hydra

Illustrated notes

Levels and vault maps discovered:
D:1:      lemuel_arrival_cross, layout_loops_corners, serial_bayou_pond_e,
          serial_bayou_pond_e, nrook_loot_triangle, nrook_mini_vaults
D:2:      layout_rooms, minmay_distorted, uniq_natasha, uniq_sigmund
D:3:      layout_loops_ring, mainiacjoe_overflow_small_starburst,
          lightli_temple_of_fire, fedhas_ov_isle_minmay, serial_shops,
          shop_statue, hellmonk_ecumenical_altar_blasted, uniq_pargi
D:4:      minmay_door_path, layout_loops_corners, nicolae_overflow_hidden_temple
D:5:      layout_loops_ring, serial_shops, nicolae_shop_window_shopping,
          hangedman_abyss_or_decor_slice, minmay_misc_feat_ornament,
          uniq_eustachio
D:6:      layout_loops_corners, minmay_temple_entry_ruins,
          chequers_ossuary_entry_cave
D:7:      layout_rooms, slow_altar_1
D:8:      layout_basic, grunt_lair_entry_orc_guard_hut, serial_glass,
          glass_columns_a, glass_columns_b, serial_bayou_ford_a,
          chequers_serial_rivers_small_b, uniq_maurice, uniq_psyche, uniq_pikel,
          uniq_joseph, uniq_gastronok
D:9:      layout_rooms, serial_shops, shop
D:10:     layout_roguey, bloody_makhleb, david_orc_2, gammafunk_ghost_icy,
          serial_shops, nicolae_stop_n_shop_1
D:11:     layout_long_grid, special_room [special_room_orc], serial_shops,
          nicolae_lakefront_shop, nicolae_shop_crystal, elyvilon_altar_1
Lair:1:   beast_lair_carwin_large_4, layout_cellular_growth
Lair:2:   layout_roguey, uniq_amaemon
Lair:3:   layout_gridlike, nicolae_swamp_entry_spooky,
          nicolae_spider_entry_lesser_pyramids, basic_altar,
          ebering_ghost_reflecting_pool, lemuel_fruit_tree, uniq_nergalle
Orc:1:    layout_caves, serial_shops, shop, shop, shop, nicolae_shop_stone,
          nicolae_shop_hallway_stairs, nicolae_shop_clearance
Orc:2:    grunt_orc_tribal_feast, layout_caves, uniq_saint_roka, uniq_erolcha

Skill      XL: |  1  2  3  4  5  6  7  8  9 10 11 12 |
---------------+-------------------------------------+-----
Ranged Weapons | 4 5 6 7 8 9 11 14 16 | 16.0
Fighting       | 2 7 10 | 10.5
Dodging        | 2 7 10 | 10.5
Armour         | |  0.1
Stealth        | |  0.8

Action                     |  1- 3 |  4- 6 |  7- 9 | 10-12 | 13-15 || total
---------------------------+-------+-------+-------+-------+-------++-------
  Melee: Unarmed           |       |       |     4 |       |       ||     4
   Fire: Shortbow          |   101 |    88 |       |       |       ||   189
         Orcbow            |       |    28 |   404 |   943 |    82 ||  1457
  Evoke: Wand              |       |       |       |     1 |       ||     1
    Use: Scroll            |     4 |     4 |    14 |    11 |     2 ||    35
         Potion            |       |       |     1 |     4 |     3 ||     8
 Armour: Leather armour    |    11 |    10 |     2 |       |       ||    23
         Troll leather arm |       |       |    29 |     1 |       ||    30
         Skin              |       |       |     3 |       |       ||     3
         Steam dragon scal |       |       |       |    11 |       ||    11
         Acid dragon scale |       |       |       |   145 |    44 ||   189
  Dodge: Dodged            |    25 |    13 |    50 |   395 |   137 ||   620

Table legend: (Time is in decaauts)
 A = Elapsed time spent in this place.
 B = Non-inter-level travel time spent in this place.
 C = Inter-level travel time spent in this place.
 D = Time resting spent in this place.
 E = Time spent auto-exploring this place.
 F = Levels seen in this place.
 G = Mean time per level.
                   A        B        C        D        E       F      G
               +--------+--------+--------+--------+--------+-----+--------+
         Total |  15532 |  14449 |   1083 |   3367 |   8371 |  17 |  913.6 |
       Dungeon |  10519 |   9644 |    875 |   1784 |   6040 |  11 |  956.3 |
          Lair |   2640 |   2566 |     74 |    367 |   1761 |   3 |  880.0 |
  Orcish Mines |   1696 |   1562 |    134 |    884 |    389 |   2 |  848.0 |
       Ossuary |    676 |    676 |      0 |    330 |    181 |   1 |  676.0 |
               +--------+--------+--------+--------+--------+-----+--------+

Top non-repeatable levels by time:
   Orc:1: 1657 daAuts
     D:8: 1598 daAuts
     D:4: 1474 daAuts
    D:11: 1243 daAuts
    D:10: 1109 daAuts
  Lair:1: 1070 daAuts
     D:1: 990 daAuts
  Lair:2: 917 daAuts
     D:6: 874 daAuts
     D:3: 841 daAuts
     D:5: 694 daAuts
 Ossuary: 676 daAuts
  Lair:3: 652 daAuts
     D:9: 629 daAuts
     D:2: 626 daAuts
